 Dungeon Sprint DCSS version 0.28.0-53-g5a82cb258f (webtiles) character file.

Game seed: 10380681059958145268

27 NamelessAdventurer the Sneak (level 2, -8/25 HPs)
             Began as a Draconian Brigand on June 3, 2022.
             Mangled by an ogre
             ... wielding a +0 giant spiked club
              (33 damage)
             ... in the Dungeon (Sprint I: "Red Sonja").
             The game lasted 00:01:00 (18 turns).

NamelessAdventurer the Sneak (Draconian Brigand)      Turns: 18, Time: 00:01:01

Health: -8/25      AC:  5    Str: 13    XL:     2   Next: 93%
Magic:  1/3        EV: 12    Int: 11    God:
Gold:   0          SH:  0    Dex: 12    Spells: 3/3 levels left

rFire   . . .      SeeInvis .   a - +2 dagger
rCold   . . .      Faith    .   (no shield)
rNeg    . . .      Spirit   .   (armour unavailable)
rPois   .          Reflect  .   (helmet restricted)
rElec   .          Harm     .   b - +0 cloak
rCorr   .          Rampage  .   (no gloves)
Will    .....      NoTele   +   (no boots)
Stlth   +++.......              (no amulet)
HPRegen 0.08/turn               (no ring)
MPRegen 0.08/turn               (no ring)

@: no status effects
A: AC +4, unfitting armour, cold-blooded
a: no special abilities


You were in the Dungeon.
You visited 1 branch

Inventory:

Hand Weapons
 a - a +2 dagger (weapon)
Missiles
 c - 8 poisoned darts
 k - 2 curare-tipped darts (quivered)
Armour
 b - a +0 cloak (worn)
Wands
 d - a wand of mindburst (3)
Scrolls
 j - a scroll of blinking
Potions
 e - a potion of curing
 f - a potion of heal wounds
 g - a potion of haste
 h - 2 potions of magic
 i - a potion of berserk rage


   Skills:
 * Level 2.8 Fighting
 * Level 2.5 Short Blades
 * Level 2.3 Throwing
 * Level 1.7 Dodging
 * Level 5.7 Stealth
 * Level 1.3 Spellcasting


You had 3 spell levels left.
You didn't know any spells.
Your spell library was empty.

Dungeon Overview and Level Annotations

Branches:
Dungeon (1/1)

Altars:


Innate Abilities, Weirdness & Mutations

Your plain brown scales are hard. (AC +4)
You cannot fit into any form of body armour.
You are cold-blooded and may be slowed by cold attacks.


Message History

Welcome, NamelessAdventurer the Draconian Brigand.
Press ? for a list of commands and other information.
Found a staircase leading out of the dungeon.
You open the door.
Ijyb the Twisted Goblin comes into view.
She is wielding a +0 dagger and carrying a wand of mindburst (3).
Throw: 2 darts (curare)
Press: ? - help, Q - select action, (/) - cycle Shift-Dir - straight line, f - Ijyb
Aim: Ijyb, wielding a +0 dagger, wearing a +0 leather armour and carrying a wand of mindburst (3) (50% to hit)
You throw a curare-tipped dart. The curare-tipped dart hits Ijyb.
Ijyb is poisoned.
Ijyb convulses.
Ijyb seems to slow down.
Ijyb is moderately wounded.
Throw: dart (curare)
Press: ? - help, Q - select action, (/) - cycle Shift-Dir - straight line, f/p - Ijyb
Aim: Ijyb, wielding a +0 dagger, wearing a +0 leather armour and carrying a wand of mindburst (3) (moderately wounded, very poisoned, slow, 50% to hit)
You throw a curare-tipped dart. The curare-tipped dart hits Ijyb.
Ijyb looks as sick as possible!
Ijyb convulses.
Ijyb seems to be slow for longer.
Ijyb is severely wounded.
You hit Ijyb but do no damage.
Ijyb is severely wounded.
You kill Ijyb!
Your Throwing skill increases to level 2!
Your Dodging skill increases to level 1!
Your Stealth skill gained 2 levels and is now at level 5!
Your Spellcasting skill increases to level 1!
You have reached level 2!
d - a wand of mindburst (3)
Things that are here:
a +0 dagger; a +0 leather armour
There is an open door here.
k - 2 curare-tipped darts You open the door.
An ogre comes into view. It is wielding a +0 giant spiked club.
There is an open door here.
The ogre hits you with a +0 giant spiked club!!
Ouch! That really hurt!
You die...

##########
#<.#..'@.#
#.)'..#.O+
#..#####+#
#..# #..#
#..# #⌠⌠#
####


You could see an ogre.

Vanquished Creatures
  Ijyb (D)
1 creature vanquished.

Notes
Turn   | Place    | Note
-------+----------+-------------------------------------------
     0 | D        | NamelessAdventurer the Draconian Brigand began the quest
                  | for the Orb.
     0 | D        | Reached XP level 1. HP: 17/17 MP: 1/1
     2 | D        | Noticed Ijyb
     7 | D        | Killed Ijyb
     8 | D        | Reached skill level 1 in Dodging
     8 | D        | Reached skill level 5 in Stealth
     8 | D        | Reached skill level 1 in Spellcasting
     8 | D        | Reached XP level 2. HP: 25/25 MP: 1/3
    16 | D        | Noticed an ogre
    18 | D        | Mangled by an ogre

Illustrated notes

Levels and vault maps discovered:
D:        dungeon_sprint_1 [red_sonja_temple_1, red_sonja_temple_small_1]

Skill      XL: |  1 |
---------------+----+-----
Throwing       | 2 |  2.3
Dodging        | 1 |  1.7
Stealth        | 5 |  5.7
Spellcasting   | 1 |  1.3
Fighting       | |  2.8
Short Blades   | |  2.5

Action                   || total
-------------------------++-------
Melee: Dagger            ||     1
Throw: Dart              ||     2
